 Dungeon Crawl Stone Soup version 0.21-a0-509-gecc5317 (webtiles) character file.

72 slep the Chopper (level 4, 0/37 HPs)
             Began as a Minotaur Gladiator on Nov 30, 2017.
             Killed from afar by an orc wizard (4 damage)
             ... with a magic dart
             ... on level 3 of the Dungeon.
             The game lasted 00:04:09 (908 turns).

slep the Chopper (Minotaur Gladiator)                Turns: 908, Time: 00:04:13

Health: 0/37       AC:  3    Str: 24    XL:     4   Next: 7%
Magic:  3/3        EV: 13    Int:  5    God:
Gold:   45         SH:  0    Dex: 12    Spells: 3/3 levels left

rFire    . . .     SeeInvis .   a - +0 war axe
rCold    . . .     Gourm    .   (no shield)
rNeg     . . .     Faith    .   g - +0 leather armour (curse)
rPois    .         Spirit   .   c - +0 hat
rElec    .         Reflect  .   (no cloak)
rCorr    .         Harm     .   (no gloves)
MR       .....                  (no boots)
Stlth    +.........             q - amulet of rage
HPRegen  0.12/turn              (no ring)
MPRegen  0.08/turn              (no ring)

@: mighty, lethally poisoned (0 -> -9)
A: retaliatory headbutt, horns 2
a: Evoke Berserk Rage


You were on level 3 of the Dungeon.
You were not hungry.

You visited 1 branch of the dungeon, and saw 3 of its levels.

You collected 45 gold pieces.

Inventory:

Hand Weapons
 a - a +0 war axe (weapon)
Missiles
 d - 3 throwing nets (quivered)
Armour
 b - a +0 leather armour
 c - a +0 hat (worn)
 g - a cursed +0 leather armour (worn)
Jewellery
 k - a +6 amulet of reflection
 q - an amulet of rage (around neck)
Wands
 o - a wand of iceblast (10)
Scrolls
 i - 2 scrolls of fog {unknown}
 j - a scroll of teleportation {unknown}
 l - a scroll of blinking {unknown}
 n - a scroll of identify {unknown}
 p - a scroll of remove curse {unknown}
 u - a scroll of magic mapping {unknown}
Potions
 h - a potion of cancellation {unknown}
 m - a potion of heal wounds {unknown}
 s - a potion of invisibility {unknown}
Comestibles
 f - a bread ration
 r - a meat ration
 t - 2 chunks of flesh


   Skills:
 + Level 2.7 Fighting
 + Level 4.9 Axes
 + Level 2.1 Throwing
 + Level 1.4 Armour
 + Level 3.9 Dodging


You had 3 spell levels left.
You didn't know any spells.

Dungeon Overview and Level Annotations

Branches:
Dungeon (3/15)

Altars:


Innate Abilities, Weirdness & Mutations

You reflexively headbutt those who attack you in melee.
You have a pair of horns on your head.


Message History

You hear some strange, mumbled words.
A puff of flame appears from out of thin air!
The puff of flame hits you!
You barely miss something.
You hear some strange, mumbled words.
A magic dart appears from out of thin air!
The magic dart hits you!
* * * LOW HITPOINT WARNING * * *
Something hits you.
* * * LOW HITPOINT WARNING * * *
You are lethally poisoned!
A rat and an orc come into view.
It was a potion of might.
You feel very mighty all of a sudden.
* * * LOW HITPOINT WARNING * * *
You feel sick.
The orc shouts!
You hear some strange, mumbled words.
A magic dart appears from out of thin air!
The magic dart hits you!
You die...

#..###.#.##......#.
.#.....#.##.........
####<###.##......#.#
# ##...# #.##....o
#.# .# # #.###
#.##..#.###.##.#.#
#. #.##..#{.o.....r
# #.............
#####.#####o#
#...o.@..#
#..#######
########..#
...<......#
#########.#########
#.....^....
###########


You could see 2 orcs and a rat.

Vanquished Creatures
  An adder (D:2)
  4 worms
  A dart slug (D:2)
  2 leopard geckos (D:2)
  An orc (D:3)
  A ball python (D:2)
  2 bats (D:1)
  2 giant cockroaches
  9 goblins
  4 hobgoblins
  6 jackals (D:2)
  3 kobolds (D:1)
  A quokka (D:2)
  4 frilled lizards
  A rat (D:1)
42 creatures vanquished.

Notes
Turn   | Place    | Note
-------+----------+-------------------------------------------
     0 | D:1      | slep the Minotaur Gladiator began the quest for the Orb.
     0 | D:1      | Reached XP level 1. HP: 18/18 MP: 0/0
    43 | D:1      | Reached skill level 4 in Axes
   142 | D:1      | Reached XP level 2. HP: 20/25 MP: 1/1
   524 | D:2      | Reached XP level 3. HP: 19/30 MP: 2/2
   685 | D:2      | Reached skill level 1 in Armour
   837 | D:3      | Reached XP level 4. HP: 11/37 MP: 3/3
   908 | D:3      | Killed from afar by an orc wizard

Vault maps used:
D:1:      shiori_arrival_maze
D:3:      uniq_natasha, uniq_grinder

Skill      XL: |  1  2  3 |
---------------+----------+-----
Axes           | 4 |  4.9
Armour         | 1 |  1.4
Fighting       | |  2.7
Throwing       | |  2.1
Dodging        | |  3.9

Action                   |  1- 3 |  4- 6 || total
-------------------------+-------+-------++-------
Melee: War axe           |    77 |     1 ||    78
       Headbutt          |     9 |       ||     9
  Use: Potion            |       |     1 ||     1
Armor: Leather armour    |    15 |       ||    15
Dodge: Dodged            |    61 |     1 ||    62

Table legend:
 A = Spawn XP
 B = Non-spawn XP
 C = Spawn XP percentage of total XP
 D = Spawn monster count
 E = Non-spawn monster count
 F = Spawn count percentage of total count
 G = Total turns spent on level
                    A         B        C        D         E        F      G
               +---------+---------+-------+---------+---------+-------+---------
         Total |       0 |     104 |   0.0 |       0 |      42 |   0.0 |   908
               +---------+---------+-------+---------+---------+-------+---------
           D:1 |       0 |      22 |   0.0 |       0 |      13 |   0.0 |   341
           D:2 |       0 |      71 |   0.0 |       0 |      25 |   0.0 |   485
           D:3 |       0 |      11 |   0.0 |       0 |       4 |   0.0 |    82
               +---------+---------+-------+---------+---------+-------+---------
